 Dungeon Crawl Stone Soup version 0.29.0-4-gdea44cf6ec (webtiles) character file.

Game seed: 11445841071275758595

102 qw the Chopper (level 4, -1/26 HPs)
             Began as a Tengu Warper on Aug 28, 2022.
             Succumbed to a gnoll's curare-tipped dart
             ... on level 2 of the Dungeon.
             The game lasted 00:00:09 (1671 turns).

qw the Chopper (Tengu Warper)                       Turns: 1671, Time: 00:00:09

Health: -1/26      AC:  3    Str: 14    XL:     4   Next: 77%
Magic:  8/8        EV: 12    Int: 13    God:
Gold:   105        SH:  0    Dex: 13    Spells: 7/7 levels left

rFire   . . .      SeeInvis .   Y - +0 hand axe
rCold   . . .      Faith    .   (no shield)
rNeg    . . .      Spirit   .   b - +0 leather armour
rPois   .          Reflect  .   (helmet restricted)
rElec   .          Harm     .   (no cloak)
rCorr   .          Rampage  .   (no gloves)
Will    .....                   (boots unavailable)
Stlth   +.........              (no amulet)
HPRegen 0.08/turn               (no ring)
MPRegen 0.11/turn               (no ring)

@: lethally poisoned (-1 -> -10), slowed, very slow
A: beak, talons 3
a: no special abilities


You were on level 2 of the Dungeon.
You visited 1 branch of the dungeon, and saw 2 of its levels.

You collected 105 gold pieces.


Innate Abilities, Weirdness & Mutations

You have a beak for a mouth.
You have claws for feet.


   Skills:
 - Level 2.0 Fighting
 + Level 5.3 Axes
 - Level 1.0 Throwing
 - Level 1.1 Armour
 - Level 2.1 Dodging
 - Level 2.0 Spellcasting
 - Level 2.4 Translocations


You had 7 spell levels left.
You didn't know any spells.
Your spell library contained the following spells:

 Spells                   Type           Power      Damage    Failure   Level
 Blink                    Tloc           14%        N/A       19%         2
 Gell's Gravitas          Tloc           7%         N/A       34%         3
 Lesser Beckoning         Tloc           7%         N/A       34%         3
 Teleport Other           Tloc           7%         N/A       34%         3
 Manifold Assault         Tloc           7%         N/A       97%         5

Inventory:

Hand Weapons
 m - a +0 whip
 Y - a +0 hand axe (weapon)
Armour
 b - a +0 leather armour (worn)
 c - a +0 chain mail
Jewellery
 k - a ring of fire
Scrolls
 a - a scroll of identify
 f - a scroll of enchant weapon {unknown}
Potions
 e - a potion of berserk rage {unknown}
 g - 2 potions of curing
 h - a potion of mutation {unknown}
 j - a potion of ambrosia {unknown}
 l - a potion of haste

Dungeon Overview and Level Annotations

Branches:
Dungeon (2/15)

Altars:


Message History

The boomerang of dispersal hits the gnoll.
The gnoll blinks!
A gnoll comes into view. It is wielding a +1 whip of pain.
Throw: boomerang (disperse)
Press: ? - help, Q - select action Shift-Dir - straight line, f - gnoll You throw a boomerang of dispersal.
The gnoll shouts!
The boomerang of dispersal hits the gnoll but does no damage.
You closely miss the gnoll.
The gnoll hits you with a +1 whip of pain.
You writhe in agony.
You completely miss the gnoll. The gnoll closely misses you.
You hit the gnoll. Your kick misses the gnoll.
The gnoll is moderately wounded.
The gnoll hits you with a +1 whip of pain.
You barely miss the gnoll. Your kick misses the gnoll.
The gnoll is moderately wounded.
The gnoll closely misses you.
You hit the gnoll. Your kick misses the gnoll.
The gnoll is heavily wounded.
The gnoll hits you with a +1 whip of pain. x2
You hit the gnoll.
The gnoll is almost dead.
The gnoll hits you with a +1 whip of pain.
You hit the gnoll.
You kill the gnoll!
You start resting.
A gnoll is nearby!
The gnoll drinks a potion.
The gnoll seems to speed up.
The gnoll throws a curare-tipped dart.
The curare-tipped dart barely misses you.
The gnoll throws a curare-tipped dart.
The curare-tipped dart closely misses you.
The gnoll throws a curare-tipped dart.
The curare-tipped dart hits you.
You are lethally poisoned!
You have difficulty breathing.
You feel yourself slow down.
You hit the gnoll. You claw the gnoll.
The gnoll is severely wounded.
You die...

. _. #.. ... ##
#.# ..#.# #.#
...###.# #%.##.#
#@##.########
#g...........
##...........
#.....#####
#.....# #.....#
##.##.# #(##.#
## #######
#.##.###########


You could see a gnoll (fast).

Vanquished Creatures
  3 gnolls (D:2)
  2 adders (D:2)
  A dart slug (D:2)
  7 ball pythons
  2 bats
  4 endoplasms
  A giant cockroach (D:1)
  4 hobgoblins (D:1)
  9 jackals (D:1)
  4 kobolds
  2 quokkas
  3 frilled lizards
  4 goblins (D:1)
  4 rats (D:1)
50 creatures vanquished.

Notes
Turn   | Place    | Note
-------+----------+-------------------------------------------
     0 | D:1      | qw the Tengu Warper began the quest for the Orb.
     0 | D:1      | Reached XP level 1. HP: 12/12 MP: 4/4
     0 | D:1      | 0 ||| qw: Version: 0.1-a-89-g26bdef1
     0 | D:1      | 0 ||| qw: Game counter: 1642
     0 | D:1      | 0 ||| qw: Always use a shield: true
     0 | D:1      | 0 ||| qw: God list: Okawaru
     0 | D:1      | 0 ||| qw: Allow faded altars: false
     0 | D:1      | 0 ||| qw: Do Orc after D:15 true
     0 | D:1      | 0 ||| qw: Do second Lair branch before Depths: true
     0 | D:1      | 0 ||| qw: Lair rune preference: random
     0 | D:1      | 0 ||| qw: Plans: Normal
     0 | D:1      | 0 ||| PLANNING D:1-11
    91 | D:1      | Reached skill level 3 in Axes
    91 | D:1      | Reached XP level 2. HP: 15/17 MP: 6/6
   390 | D:1      | Reached XP level 3. HP: 21/21 MP: 7/7
   390 | D:1      | 390 ||| Stepping ~*~*~tactically~*~*~ (stealth).
   393 | D:1      | 393 ||| Stepping ~*~*~tactically~*~*~ (stealth).
   395 | D:1      | 395 ||| Stepping ~*~*~tactically~*~*~ (stealth).
   406 | D:1      | 406 ||| Stepping ~*~*~tactically~*~*~ (stealth).
   407 | D:1      | 407 ||| Stepping ~*~*~tactically~*~*~ (stealth).
   442 | D:1      | 442 ||| Stepping ~*~*~tactically~*~*~ (stealth).
   444 | D:1      | 444 ||| Stepping ~*~*~tactically~*~*~ (stealth).
   723 | D:1      | Reached skill level 4 in Axes
   727 | D:1      | 727 ||| Stepping ~*~*~tactically~*~*~ (stealth).
   728 | D:1      | 728 ||| DROPPING +0 club.
  1175 | D:1      | 1175 ||| READING scroll labelled CEFOFI VIPPAMP.
  1176 | D:1      | 1176 ||| READING scroll labelled ZELYAH ITUISCH.
  1177 | D:1      | 1177 ||| READING scroll labelled LIMAPACOMN.
  1178 | D:1      | 1178 ||| DRINKING 2 silvery potions.
  1179 | D:1      | 1179 ||| DROPPING scroll of blinking.
  1198 | D:2      | 1198 ||| STAIRDANCE
  1466 | D:2      | Reached XP level 4. HP: 24/26 MP: 8/8
  1565 | D:2      | Found a faded altar of an unknown god.
  1567 | D:2      | 1567 ||| Stepping ~*~*~tactically~*~*~ (stealth).
  1569 | D:2      | 1569 ||| Stepping ~*~*~tactically~*~*~ (stealth).
  1577 | D:2      | Reached skill level 5 in Axes
  1627 | D:2      | HP: 5/26 [gnoll/+1 whip of pain (4)]
  1670 | D:2      | HP: 3/26 [asphyx]
  1671 | D:2      | Succumbed to a gnoll's curare-tipped dart

Levels and vault maps discovered:
D:1:      lemuel_arrival_rhombus, layout_loops_corners
D:2:      layout_loops_ring, nicolae_ecumenical_snake_handling,
          uniq_crazy_yiuf_cottage, uniq_robin

Skill      XL: |  1  2  3  4 |
---------------+-------------+-----
Axes           | 3 4 5 |  5.3
Fighting       | |  2.0
Throwing       | |  1.0
Armour         | |  1.1
Dodging        | |  2.1
Spellcasting   | |  2.0
Translocations | |  2.4

Action                   |  1- 3 |  4- 6 || total
-------------------------+-------+-------++-------
Melee: Hand axe          |    40 |    25 ||    65
       Peck              |     8 |     1 ||     9
       Kick              |    13 |     5 ||    18
       Punch             |     1 |       ||     1
Throw: Javelin           |    37 |     5 ||    42
       Boomerang         |     3 |     4 ||     7
  Use: Scroll            |     3 |       ||     3
       Potion            |     1 |       ||     1
Armor: Leather armour    |     8 |     3 ||    11
Dodge: Dodged            |    18 |    12 ||    30

Table legend:
 A = Non-vault XP
 B = Vault XP
 C = Vault XP percentage of total XP
 D = Non-vault monster count
 E = Vault monster count
 F = Vault count percentage of total count
                 A         B        C        D         E       F
            +---------+---------+-------+---------+---------+-------
      Total |     116 |      30 |  20.5 |      45 |       5 |  10.0
            +---------+---------+-------+---------+---------+-------
        D:1 |      57 |       0 |   0.0 |      33 |       0 |   0.0
        D:2 |      59 |      30 |  33.7 |      12 |       5 |  29.4
            +---------+---------+-------+---------+---------+-------
